 Dungeon Crawl Stone Soup version 0.31-a0-626-g8143ab4f1d (webtiles) character file.

Game seed: 11323084582500207343

9015 IdlyInterested the Cleaver (level 11, -5/81 HPs)
             Began as a Demonspawn Fighter on Aug 24, 2023.
             Slain by a red ugly thing (20 damage)
             ... on level 10 of the Dungeon.
             The game lasted 00:35:41 (8405 turns).

IdlyInterested the Cleaver (Demonspawn Fighter)     Turns: 8405, Time: 00:35:42

Health: -5/81      AC: 15    Str: 19    XL:     11   Next: 17%
Magic:  11/11      EV: 16    Int:  8    God:
Gold:   400        SH:  0    Dex: 22    Spells: 10/10 levels left

rFire   . . .        a - +0 war axe (chaos)
rCold   + . .        c - +0 buckler
rNeg    . . .        r - +1 scale mail {rPois}
rPois   +            t - +0 helmet
rElec   .            I - +2 cloak
rCorr   .            u - +0 pair of gloves
SInv    +            (no boots)
Will    +....        K - amulet "Fuli" {Fly rC+ Regen+ Dex+4} Stlth
                     j - ring of see invisible
HPRegen 1.13/turn    s - +5 ring of evasion
MPRegen 0.12/turn

%: no passive effects
@: confused, mighty, ambrosia-drunk, flying
A: hooves 1, icy blue scales 1, icemail 1, condensation shield, agile 1,
strong-willed 1
a: no special abilities


You were on level 10 of the Dungeon.
You visited 2 branches of the dungeon, and saw 11 of its levels.

You collected 401 gold pieces.
You spent 1 gold pieces at shops.

Inventory:

Hand Weapons
 a - a +0 war axe of chaos (weapon)
 d - a +3 trident of draining
 h - a +3 battleaxe
 v - the +5 dagger of Sequestration {pain, rPois Str-4 Int+9 SInv}
   (You found it on level 3 of the Dungeon)

   Str-4:     It affects your strength (-4).
   Int+9:     It affects your intelligence (+9).
   rPois:     It protects you from poison SInv: It lets you see invisible.
 Q - a +0 whip of freezing
Missiles
 g - 84 stones (quivered)
 o - 10 boomerangs
 x - 15 poisoned darts
 J - 6 atropa-tipped darts
 L - 5 javelins
 W - a curare-tipped dart
Armour
 b - a +0 chain mail of cold resistance
 c - a +0 buckler (worn)
 r - a +1 scale mail of poison resistance (worn)
 t - a +0 helmet (worn)
 u - a +0 pair of gloves (worn)
 I - a +2 cloak (worn)
 S - a +2 robe of positive energy
Jewellery
 j - a ring of see invisible (left hand)
 s - a +5 ring of evasion (right hand)
 K - the amulet "Fuli" (around neck) {Fly rC+ Regen+ Dex+4}
   (You found it on level 5 of the Dungeon)

   [amulet of regeneration]

   Dex+4:     It affects your dexterity (+4).
   rC+:       It protects you from cold.
   Fly:       It grants you flight.
   Regen+:    It increases your rate of health regeneration.
 N - the ring "Poim" {Ice rElec Int+3}
   (You found it on level 5 of the Dungeon)

   [ring of ice]

   Ice:       It enhances your ice magic.
   Int+3:     It affects your intelligence (+3).
   rF-:       It makes you vulnerable to fire.
   rC+:       It protects you from cold.
   rElec:     It insulates you from electricity.
Wands
 e - a wand of flame (33)
 m - a wand of roots (4)
 y - a wand of quicksilver (17)
 U - a wand of polymorph (11)
Scrolls
 i - a scroll of enchant weapon
 A - a scroll of fog
 B - 4 scrolls of revelation
 C - 5 scrolls of teleportation
 D - a scroll of fear
 E - 5 scrolls of poison
 G - a scroll of blinking
 H - a scroll of enchant armour
Potions
 k - a potion of attraction {unknown}
 l - 2 potions of curing
 p - a potion of magic {unknown}
 w - 2 potions of enlightenment
 z - a potion of mutation
 M - a potion of haste
 T - a potion of berserk rage
 V - a potion of invisibility


   Skills:
 - Level 6.0 Fighting
 * Level 13.7 Axes
 - Level 1.0 Throwing
 - Level 3.0 Armour
 - Level 3.0 Dodging
 - Level 1.0 Stealth
 - Level 6.0 Shields
 - Level 1.0 Evocations


You had 10 spell levels left.
You didn't know any spells.
Your spell library contained the following spells:

 Spells                   Type           Power      Damage    Failure   Level
 Vhi's Electric Charge    Tloc/Air       0%         N/A       99%         3
 Animate Armour           Summ/Erth      0%         N/A       100%        4
 Summon Lightning Spire   Summ/Air       0%         N/A       100%        4
 Arcjolt                  Conj/Air       0%         1d10      100%        5
 Lee's Rapid Deconstruct  Erth           0%         3d4*      100%        5
 Plasma Beam              Fire/Air       0%         2x1d10    100%        6


Dungeon Overview and Level Annotations

Branches:
Dungeon (10/15)            Temple (1/1) D:6            Lair (0/5) D:10
    Orc (0/2) D:10

Altars:
Ashenzari
Cheibriados
Dithmenos
Fedhas
Gozag
Hepliaklqana
Kikubaaqudgha
Makhleb
Nemelex Xobeh
Okawaru
Qazlal
Ru
Sif Muna
Trog
Uskayaw
Vehumet
Wu Jian
Xom
Yredelemnul

Shops:
D:7 [   D:8 *   D:9 [

Annotations:
Temple 4 transporters


Innate Abilities, Weirdness & Mutations

You have large cloven feet.
You are partially covered in icy blue scales. (AC +2)
A meltable icy envelope protects you from harm. (AC +0)
A meltable shield of frost defends you. (SH +0)
You are agile. (Dex +4, Str/Int -1)
You are strong-willed. (Will+)


Message History

The red ugly thing stings you.
You are engulfed in flames!!
Your icy defences dissipate!
You closely miss the red ugly thing. Your kick misses the red ugly thing.
The red ugly thing is lightly wounded.
You hit the red ugly thing but do no damage.
You kick the red ugly thing.
The red ugly thing is lightly wounded.
The red ugly thing stings you!
You are engulfed in flames!!
You barely miss the red ugly thing.
You kick the red ugly thing, but do no damage.
The red ugly thing is lightly wounded.
The red ugly thing misses you.
You barely miss the red ugly thing. Your kick misses the red ugly thing.
The red ugly thing is lightly wounded.
The red ugly thing misses you.
You closely miss the red ugly thing. You kick the red ugly thing.
The red ugly thing is lightly wounded.
The red ugly thing closely misses you.
You slash the red ugly thing! Your kick misses the red ugly thing.
The red ugly thing is moderately wounded.
The red ugly thing barely misses you.
You feel very mighty all of a sudden. You block the red ugly thing's attack.
You slash the red ugly thing! You burn the red ugly thing.
The red ugly thing is heavily wounded.
The red ugly thing stings you!
* * * LOW HITPOINT WARNING * * *
You are engulfed in flames!
* * * LOW HITPOINT WARNING * * *
You are confused.
You feel invigorated.
The red ugly thing stings you but does no damage.
You bump into the rock wall.
The red ugly thing stings you but does no damage.
You slash the red ugly thing!
The red ugly thing is poisoned.
The red ugly thing is heavily wounded.
The red ugly thing stings you!
* * * LOW HITPOINT WARNING * * *
You are engulfed in flames!!
You die...

.........##.. ...
......###########
..............#.
.........#.#.##.##
#.....#....##.##.#
......#..###..#..#
#........####.##.##
............#).#.u#
#....##..##.#.##@##
#........##.##.##.#
............#.....#
#....###.#..#######
...>............#
................#
.. .............##
.P....††.......
P.....†<.......


You could see a red ugly thing (very poisoned).

Vanquished Creatures
  Pikel (D:6)
  Jeremiah (D:6)
  An unseen horror (D:10)
  2 kobold demonologists (D:9)
  A troll (D:10)
  Sigmund (D:6)
  14 yaks
  A wyvern (D:7)
  A steam dragon (D:8)
  Menkaure (D:6)
  3 water moccasins
  Duvessa (D:6)
  A sky beast (D:7)
  4 black bears
  2 orc warriors (D:8)
  An ice beast (D:8)
  2 ogres
  4 centaurs
  A lemure (D:6)
  A phantom (D:5)
  2 kobold brigands
  Blork the orc (D:6)
  A necrophage (D:5)
  7 bullfrogs
  3 scorpions
  10 wights
  Dowan (D:6)
  10 killer bees
  5 howler monkeys
  A lava snake (D:8)
  6 hounds
  A gnoll bouda (D:9)
  A jelly (D:7)
  4 iguanas
  Terence (D:2)
  5 orc wizards
  A hound skeleton (D:5)
  13 gnolls
  4 adders
  A shadow imp (D:7)
  3 white imps
  A worm (D:5)
  A dart slug (D:1)
  16 orcs
  8 ball pythons
  8 bats
  13 endoplasms
  4 giant cockroaches
  5 goblins
  6 hobgoblins
  2 jackals (D:2)
  3 quokkas
  3 frilled lizards
  13 kobolds
  5 rats
213 creatures vanquished.

Vanquished Creatures (collateral kills)
  A kobold brigand (D:9)
1 creature vanquished.

Vanquished Creatures (others)
  A killer bee zombie (D:9)
1 creature vanquished.

Grand Total: 215 creatures vanquished

Notes
Turn   | Place    | Note
-------+----------+-------------------------------------------
     0 | D:1      | IdlyInterested the Demonspawn Fighter began the quest for
                  | the Orb.
     0 | D:1      | Reached XP level 1. HP: 18/18 MP: 1/1
   133 | D:1      | Reached skill level 2 in Axes
   146 | D:1      | Gained mutation: You have large cloven feet. [demonic
                  | ancestry]
   146 | D:1      | Reached XP level 2. HP: 23/24 MP: 2/2
   221 | D:1      | Reached skill level 1 in Dodging
   485 | D:1      | Reached XP level 3. HP: 28/29 MP: 3/3
  1054 | D:2      | Reached skill level 1 in Stealth
  1250 | D:2      | Noticed Terence
  1257 | D:2      | Killed Terence
  1258 | D:2      | Reached skill level 3 in Axes
  1258 | D:2      | Gained mutation: A meltable shield of frost defends you.
                  | (SH +0) [demonic ancestry]
  1258 | D:2      | Reached XP level 4. HP: 22/35 MP: 4/4
  1643 | D:3      | Identified the +5 dagger of Sequestration {pain, rPois
                  | Str-4 Int+9 SInv}
  1678 | D:3      | Found a hazy altar of Hepliaklqana.
  1701 | D:3      | Found a faded altar of an unknown god.
  1738 | D:3      | Reached skill level 1 in Evocations
  1939 | D:3      | Gained mutation: You are strong-willed. (Will+) [potion of
                  | mutation]
  1939 | D:3      | Gained mutation: You are agile. (Dex +4, Str/Int -1)
                  | [potion of mutation]
  2247 | D:4      | Noticed a scorpion
  2255 | D:4      | Killed a scorpion
  2256 | D:4      | Reached XP level 5. HP: 14/42 MP: 5/5
  2436 | D:4      | Noticed a black bear
  2450 | D:4      | Killed a black bear
  2451 | D:4      | Reached skill level 4 in Axes
  2451 | D:4      | Reached skill level 1 in Throwing
  2451 | D:4      | Gained mutation: A meltable icy envelope protects you from
                  | harm. (AC +0) [demonic ancestry]
  2451 | D:4      | Reached XP level 6. HP: 40/48 MP: 6/6
  2527 | D:4      | Identified the +0 scale mail of Afinn {Rampage Str+3 Int-4
                  | Stlth+}
  2801 | D:4      | Reached skill level 5 in Axes
  3085 | D:4      | Noticed an angel
  3096 | D:4      | Found a basalt altar of Yredelemnul.
  3098 | D:4      | Noticed a profane servitor
  3347 | D:5      | Entered Level 5 of the Dungeon
  3527 | D:5      | Noticed a water moccasin
  3553 | D:5      | Killed a water moccasin
  3554 | D:5      | Reached XP level 7. HP: 54/54 MP: 7/7
  3563 | D:5      | Reached skill level 6 in Axes
  3633 | D:5      | Identified the amulet "Fuli" {Fly rC+ Regen+ Dex+4}
  3723 | D:5      | Found a bloodstained altar of Trog.
  3951 | D:5      | Found a burning altar of Makhleb.
  4102 | D:5      | Identified the ring "Poim" {Ice rElec Int+3}
  4123 | D:5      | Found an ancient bone altar of Kikubaaqudgha.
  4246 | D:6      | Noticed Jeremiah
  4246 | D:6      | Noticed Sigmund
  4270 | D:6      | Killed Sigmund
  4271 | D:6      | Reached skill level 7 in Axes
  4271 | D:6      | Reached XP level 8. HP: 40/61 MP: 8/8
  4279 | D:6      | Noticed Menkaure
  4294 | D:6      | Killed Menkaure
  4297 | D:6      | Killed Jeremiah
  4298 | D:6      | Reached skill level 5 in Fighting
  4481 | D:6      | Found a staircase to the Ecumenical Temple.
  4492 | Temple   | Found a transporter.
  4492 | Temple   | Found a transporter.
  4492 | Temple   | Found a transporter.
  4492 | Temple   | Found a transporter.
  4492 | Temple   | Entered the Ecumenical Temple
  4566 | D:6      | Reached skill level 8 in Axes
  4649 | D:6      | Noticed Blork the orc
  4657 | D:6      | Killed Blork the orc
  4731 | D:6      | Noticed Pikel
  4758 | D:6      | Killed Pikel
  4759 | D:6      | Reached skill level 9 in Axes
  4759 | D:6      | Reached skill level 5 in Shields
  4759 | D:6      | Reached XP level 9. HP: 66/68 MP: 9/9
  4810 | D:6      | Noticed Dowan
  4817 | D:6      | Noticed Duvessa
  4822 | D:6      | Killed Dowan
  4830 | D:6      | Killed Duvessa
  5560 | D:7      | Reached skill level 10 in Axes
  5881 | D:7      | Found an ornate altar of the Wu Jian Council.
  5930 | D:7      | Found a snail-covered altar of Cheibriados.
  5932 | D:7      | Found a broken altar of Ashenzari.
  5968 | D:7      | Reached skill level 11 in Axes
  6186 | D:7      | Found Daleses's Armour Shop.
  6353 | D:8      | Found Rofygho's Lightly-Used Armoury.
  6360 | D:8      | Bought a -2 executioner's axe for 1 gold piece
  6491 | D:8      | Gained mutation: You are partially covered in icy blue
                  | scales. (AC +2) [demonic ancestry]
  6491 | D:8      | Reached XP level 10. HP: 72/73 MP: 10/10
  6991 | D:8      | Reached skill level 12 in Axes
  7465 | D:9      | Noticed an orange demon
  7590 | D:9      | Reached skill level 13 in Axes
  7612 | D:9      | Found Dajodint's Antique Armour Emporium.
  8163 | D:10     | Entered Level 10 of the Dungeon
  8215 | D:10     | Found a staircase to the Lair.
  8224 | D:10     | Reached XP level 11. HP: 78/81 MP: 11/11
  8328 | D:10     | Found a staircase to the Orcish Mines.
  8391 | D:10     | Noticed a red ugly thing
  8405 | D:10     | Slain by a red ugly thing

Illustrated notes

Levels and vault maps discovered:
D:1:      saegor_arrival_simple_c, layout_loops_ring, minmay_tromino_v4_a
D:2:      layout_rooms, minmay_unequal, uniq_terence
D:3:      layout_basic, lemuel_round_altar, chequers_ecumenical_altar_grove
D:4:      minmay_wonky_spiral, layout_loops_ring, grunt_temple_overflow_holy_war
D:5:      layout_loops_cross, mainiacjoe_overflow_surrounded_room,
          makhleb_blood_cavern_becter, mainiacjoe_overflow_paths,
          lemuel_round_altar, kennysheep_generic_room_13
D:6:      layout_basic, minmay_temple_entry_hall, grunt_decor_resistance,
          uniq_blork_the_orc, uniq_menkaure, uniq_jeremiah, uniq_sigmund,
          uniq_pikel, uniq_duvessa
D:7:      layout_loops_ring, nicolae_overflow_hidden_temple,
          kennysheep_windowed_goal
D:8:      layout_loops_cross, minmay_shop_damaged, nrook_uturn,
          eino_tiny_chamber, kennysheep_pointless_box
D:9:      layout_rooms, serial_shops, nicolae_shop_tiny_statue_garden,
          nicolae_eternal_life
D:10:     minmay_angry_zag, layout_basic, due_lair_maze_entry_diamond,
          orc_0_dummy
Temple:   hellmonk_temple_divided_pantheon

Skill      XL: |  1  2  3  4  5  6  7  8  9 10 |
---------------+-------------------------------+-----
Axes           | 2 3 4 5 7 9 11 13 | 13.7
Dodging        | 1 2 3 |  3.0
Stealth        | 1 |  1.0
Evocations     | 1 |  1.0
Fighting       | 4 5 6 |  6.0
Throwing       | 1 |  1.0
Shields        | 3 4 5 6 |  6.0
Armour         | 3 |  3.0

Action                     |  1- 3 |  4- 6 |  7- 9 | 10-12 || total
---------------------------+-------+-------+-------+-------++-------
  Melee: War axe           |    94 |   114 |   296 |   274 ||   778
         Kick              |    18 |    27 |    90 |   100 ||   235
  Throw: Stone             |       |     3 |    18 |    20 ||    41
         Javelin           |       |       |     3 |       ||     3
  Evoke: Wand              |       |     1 |     4 |       ||     5
    Use: Potion            |     1 |     3 |     5 |     2 ||    11
         Scroll            |       |     5 |     5 |     4 ||    14
   Stab: Petrifying        |       |       |       |     3 ||     3
         Distracted        |       |       |       |     1 ||     1
         Confused          |       |       |       |     1 ||     1
         Petrified         |       |       |       |     1 ||     1
 Armour: Scale mail        |    51 |    54 |    87 |    93 ||   285
  Dodge: Dodged            |    46 |    60 |   148 |   165 ||   419
  Block: Buckler           |    18 |    66 |   130 |   140 ||   354

Table legend: (Time is in decaauts)
 A = Elapsed time spent in this place.
 B = Non-inter-level travel time spent in this place.
 C = Inter-level travel time spent in this place.
 D = Time resting spent in this place.
 E = Time spent auto-exploring this place.
 F = Levels seen in this place.
 G = Mean time per level.
                   A        B        C        D        E       F      G
               +--------+--------+--------+--------+--------+-----+--------+
         Total |   8483 |   7090 |   1393 |    439 |   4475 |  11 |  771.2 |
       Dungeon |   8381 |   6991 |   1390 |    408 |   4475 |  10 |  838.1 |
        Temple |    101 |     99 |      2 |     31 |      0 |   1 |  101.0 |
               +--------+--------+--------+--------+--------+-----+--------+

Top non-repeatable levels by time:
     D:6: 1322 daAuts
     D:4: 1172 daAuts
     D:1: 1004 daAuts
     D:8: 998 daAuts
     D:5: 975 daAuts
     D:9: 746 daAuts
     D:7: 713 daAuts
     D:2: 661 daAuts
     D:3: 635 daAuts
    D:10: 152 daAuts
  Temple: 101 daAuts
